 Dungeon Crawl Stone Soup version 0.18.1-8-gdd0e5ea (webtiles) character file.

2013 Scarto the Skirmisher (level 9, -1/71 HPs)
             Began as a Demonspawn Fighter on May 23, 2016.
             Was a Follower of Qazlal.
             Slain by an orc warrior
             ... wielding a +0 spear
              (6 damage)
             ... in a bailey.
             The game lasted 00:10:59 (5718 turns).

Scarto the Skirmisher (Demonspawn Fighter)          Turns: 5718, Time: 00:11:00

Health: -1/71      AC: 18    Str: 19    XL:     9   Next: 2%
Magic:  9/9        EV: 12    Int: 16    God:    Qazlal [*.....]
Gold:   95         SH: 18    Dex: 15    Spells: 0 memorised, 8 levels left

rFire  + . .     SeeInvis .     f - +2 mace (protect)
rCold  . . .     Gourm    .     b - +0 scale mail
rNeg   . . .     Faith    .     c - +0 shield
rPois  .         Spirit   .     (no helmet)
rElec  .         Dismiss  .     (no cloak)
rCorr  .         Reflect  +     w - +2 pair of gloves {Dex+3}
SustAt .         Harm     .     (no boots)
MR     .....                    i - +6 amulet of reflection
Stlth  ..........               (no ring)
                                v - +3 ring of evasion

@: brilliant, not resistant to hostile enchantments, extremely unstealthy
A: hooves 2, slimy green scales 2, fire resistance 1
a: Renounce Religion


You were in a bailey.
You worshipped Qazlal.
Qazlal was aware of your devotion.
You were not hungry.

You visited 2 branches of the dungeon, and saw 8 of its levels.
You also visited: Bailey.

You collected 225 gold pieces.
You spent 130 gold pieces at shops.

Inventory:

Hand Weapons
 a - a +0 war axe
 f - a +2 mace of protection (weapon)
Armour
 b - a +0 scale mail (worn)
 c - a +0 shield (worn)
 w - a +2 pair of gloves of dexterity (worn)
Jewellery
 i - a +6 amulet of reflection (around neck)
 s - an uncursed amulet of regeneration
 v - a +3 ring of evasion (left hand)
 x - an uncursed amulet of dismissal {unknown}
Wands
 e - a wand of confusion (19/48)
 l - a wand of slowing (19/48)
Scrolls
 h - 2 scrolls of remove curse
 m - 4 scrolls of teleportation
 u - 3 scrolls of recharging
 B - a scroll of enchant armour
Potions
 n - 3 potions of flight
 o - a potion of heal wounds {unknown}
 p - a potion of haste {unknown}
 q - a potion of brilliance
 r - 5 potions of agility {unknown}
 z - a potion of berserk rage {unknown}
Books
 t - a book of the Sky

   Spells                             Type                      Level
   a - Summon Lightning Spire         Summoning/Air                4
   b - Airstrike                      Air                          4
   c - Silence                        Hexes/Air                    5
   d - Deflect Missiles               Charms/Air                   6
   e - Conjure Ball Lightning         Conjuration/Air              6
   f - Tornado                        Air                          9
Comestibles
 g - a meat ration
 j - a beef jerky
 k - 2 bread rations


   Skills:
 + Level 6.4 Fighting
 + Level 5.2(5.4) Axes
 + Level 2.2(4.0) Maces & Flails
 + Level 5.3 Armour
 + Level 3.1 Dodging
 + Level 5.6 Shields


You had 8 spell levels left.
You didn't know any spells.

Dungeon Overview and Level Annotations

Branches:
Dungeon (7/15)             Temple (1/1) D:5

Altars:
Dithmenos
Elyvilon
Fedhas
Gozag
Makhleb
Nemelex Xobeh
Pakellas
Qazlal
Ru
Trog
Vehumet
Yredelemnul
The Shining One

Shops:
D:4 *


Innate Abilities, Weirdness & Mutations

You have hoof-like feet.
You are mostly covered in slimy green scales (AC +3).
Your flesh is heat resistant.


Message History

You kick the orc warrior, but do no damage.
The orc warrior is lightly wounded.
You block the orc's attack. x3; The orc warrior hits you with a spear!
* * * LOW HITPOINT WARNING * * *
The orc barely misses you. You block the orc's attack.
The orc complains noisily.
The orc hits you but does no damage. x2
Drink which item? (? for menu, Esc to quit)
It was a potion of brilliance.
You feel clever all of a sudden. The orc warrior closely misses you.
You block the orc's attack. x2
The orc barely misses you. The orc misses you.
You barely miss the orc warrior. Your kick misses the orc warrior.
The orc warrior is lightly wounded.
You block the orc's attack. The orc warrior hits you with a spear!
* * * LOW HITPOINT WARNING * * *
The orc misses you. The orc hits you but does no damage.
You block the orc's attack. The orc hits you but does no damage.
The orc warrior hits you with a spear.
You die...

########### ######
.∩......).## #.....#
...........######.......
.........).#.))o#oo.....
.......)))))))))@oo.....
........)..#.$))#o......
...........######.......
.∩........## #.....#
########### ######


You could see an orc warrior and 5 orcs.

Vanquished Creatures
  The ghost of Zleub the Charmwright, a novice HESk of Okawaru (D:6)
  The ghost of anything the Chopper, a novice KoBe of Trog (D:4)
  The ghost of barakagiga the Charlatan, an amateur KoAr (D:3)
  2 ice beasts
  An orc warrior (Bailey)
  A necrophage (D:7)
  A centaur (D:5)
  2 giant frogs
  A scorpion (D:7)
  2 crimson imps (D:6)
  A giant frog zombie (D:5)
  2 hounds
  2 orc priests (D:6)
  An orc wizard (D:5)
  Natasha (thrice) (D:2)
  An iguana (D:5)
  A worker ant (D:4)
  A killer bee zombie (D:7)
  A howler monkey skeleton (D:5)
  7 adders
  2 oozes
  An adder zombie (D:6)
  4 worms
  3 dart slugs
  3 giant geckos
  26 orcs
  A ball python (D:1)
  4 bats
  6 giant cockroaches
  9 goblins
  8 hobgoblins
  12 jackals
  4 quokkas
  8 giant newts
  6 kobolds
  2 rats (D:2)
132 creatures vanquished.

Vanquished Creatures (others)
  A bat (D:3)
1 creature vanquished.

Grand Total: 133 creatures vanquished

Notes
Turn   | Place    | Note
--------------------------------------------------------------
     0 | D:1      | Scarto the Demonspawn Fighter began the quest for the Orb.
     0 | D:1      | Reached XP level 1. HP: 18/18 MP: 1/1
    88 | D:1      | Gained mutation: You are partially covered in slimy green scales (AC +2). [demonic ancestry]
    88 | D:1      | Reached XP level 2. HP: 24/24 MP: 2/2
   931 | D:2      | Reached XP level 3. HP: 5/29 MP: 3/3
  1574 | D:2      | Noticed Natasha
  1584 | D:2      | Killed Natasha
  1584 | D:2      | Gained mutation: You have large cloven feet. [demonic ancestry]
  1584 | D:2      | Reached XP level 4. HP: 12/35 MP: 4/4
  1864 | D:2      | Noticed Natasha
  1870 | D:2      | Killed Natasha
  1898 | D:2      | Noticed Natasha
  1903 | D:2      | Killed Natasha
  2060 | D:2      | Gained mutation: You are mostly covered in slimy green scales (AC +3). [demonic ancestry]
  2060 | D:2      | Reached XP level 5. HP: 38/42 MP: 5/5
  2513 | D:3      | Found a basalt altar of Yredelemnul.
  2522 | D:3      | Found a glowing golden altar of the Shining One.
  2524 | D:3      | Noticed an angel
  2725 | D:3      | Noticed barakagiga's ghost (amateur KoAr)
  2778 | D:3      | Killed barakagiga's ghost
  2778 | D:3      | Reached skill level 4 in Fighting
  2778 | D:3      | Gained mutation: Your flesh is heat resistant. [demonic ancestry]
  2778 | D:3      | Reached XP level 6. HP: 42/49 MP: 6/6
  2859 | D:3      | Found a sparkling altar of Nemelex Xobeh.
  3315 | D:4      | Noticed anything's ghost (novice KoBe)
  3330 | D:4      | Killed anything's ghost
  3330 | D:4      | Reached XP level 7. HP: 50/55 MP: 7/7
  3546 | D:4      | Found Korar's Assorted Antiques.
  3563 | D:4      | Reached skill level 5 in Fighting
  3667 | D:4      | Bought a pair of glowing gloves for 130 gold pieces
  3945 | D:5      | Entered Level 5 of the Dungeon
  4006 | D:5      | Reached skill level 1 in Dodging
  4122 | D:5      | Found a staircase to the Ecumenical Temple.
  4209 | Temple   | Entered the Ecumenical Temple
  4239 | Temple   | Became a worshipper of Qazlal Stormbringer
  4278 | D:5      | Gained mutation: You have hoof-like feet. [demonic ancestry]
  4278 | D:5      | Reached XP level 8. HP: 62/63 MP: 8/8
  4426 | D:6      | Noticed Zleub's ghost (novice HESk)
  4473 | D:6      | Killed Zleub's ghost
  4473 | D:6      | Reached skill level 1 in Maces & Flails
  4473 | D:6      | Reached skill level 5 in Armour
  4473 | D:6      | Reached skill level 5 in Shields
  4769 | D:6      | Reached skill level 6 in Fighting
  4944 | D:6      | Reached skill level 5 in Axes
  5555 | D:7      | Found a flagged portal.
  5658 | Bailey   | Entered a bailey
  5686 | Bailey   | Reached * piety under Qazlal
  5696 | Bailey   | Reached XP level 9. HP: 50/70 MP: 9/9
  5718 | Bailey   | Slain by an orc warrior

Skill      XL: |  1  2  3  4  5  6  7  8 |
---------------+-------------------------+-----
Axes           | 2 3 4 5 |  5.2
Shields        | 3 4 5 |  5.6
Armour         | 3 4 5 |  5.3
Fighting       | 4 5 6 |  6.4
Dodging        | 1 3 |  3.1
Maces & Flails | 2 |  2.2

Action                   |  1- 3 |  4- 6 |  7- 9 || total
-------------------------+-------+-------+-------++-------
Melee: War axe           |    95 |   179 |   105 ||   379
       Kick              |       |    37 |    82 ||   119
       Mace              |       |       |   165 ||   165
  Use: Scroll            |       |     9 |     5 ||    14
       Potion            |       |       |     6 ||     6
  Eat: Bread ration      |     2 |       |       ||     2
       Meat ration       |       |       |     2 ||     2
Armor: Scale mail        |    49 |    85 |   174 ||   308
Dodge: Dodged            |    24 |    39 |   186 ||   249
Block: Shield            |    59 |   154 |   405 ||   618
       Reflection        |       |     1 |       ||     1
